 Dungeon Crawl Stone Soup version 0.21-a0-110-g8e1637b (webtiles) character file.

3753 fishoe the Blocker (level 9, -2/78 HPs)
             Began as a Minotaur Fighter on July 9, 2017.
             Was a Follower of Makhleb.
             Succumbed to barbed spike wounds
             ... on level 8 of the Dungeon.
             The game lasted 00:34:04 (7567 turns).

fishoe the Blocker (Minotaur Fighter)               Turns: 7567, Time: 00:34:04

Health: -2/78      AC: 10    Str: 21    XL:     9   Next: 93%
Magic:  2/2        EV: 12    Int:  7    God:    Makhleb [*.....]
Gold:   500        SH: 16    Dex: 13    Spells: 8/8 levels left

rFire    . . .     SeeInvis .   L - +0 war axe (antimagic)
rCold    . . .     Gourm    .   c - +0 shield
rNeg     . . .     Faith    .   P - +1 ring mail of Death's Door {Int+2} (curse)
rPois    .         Spirit   .   M - +1 hat
rElec    .         Reflect  +   (no cloak)
rCorr    .         Harm     .   p - +0 pair of gloves
MR       +....                  (no boots)
Stlth    +.........             m - +4 amulet of reflection
HPRegen  0.23/turn              u - ring of protection from magic
MPRegen  0.08/turn              (no ring)

@: barbed spikes
A: retaliatory headbutt, horns 2
a: Renounce Religion


You were on level 8 of the Dungeon.
You worshipped Makhleb.
Makhleb was aware of your devotion.
You were not hungry.

You visited 2 branches of the dungeon, and saw 9 of its levels.

You collected 616 gold pieces.
You spent 116 gold pieces at shops.

Inventory:

Hand Weapons
 q - a +0 whip of freezing
 L - a +0 antimagic war axe (weapon)
Missiles
 D - 8 javelins (quivered)
Armour
 b - a +0 scale mail
 c - a +0 shield (worn)
 p - a +0 pair of gloves (worn)
 y - the cursed +0 helmet of the Lizard {rC+ Regen+ Dex-5, unknown}
   (You found it on level 8 of the Dungeon)

   It affects your dexterity (-5).
   It protects you from cold.
   It increases your rate of regeneration.
   It has a curse placed upon it.
 E - the cursed +0 robe of Awe {+Inv rF- rCorr, unknown}
   (You found it on level 6 of the Dungeon)

   It makes you vulnerable to fire.
   It lets you turn invisible.
   It protects you from acid and corrosion.
   It has a curse placed upon it.
 M - a +1 hat (worn)
 P - the cursed +1 ring mail of Death's Door (worn) {Int+2}
   (You found it on level 8 of the Dungeon)

   It affects your intelligence (+2).
   It has a curse placed upon it.
Jewellery
 m - a +4 amulet of reflection (around neck)
 r - an uncursed amulet of faith
 u - a ring of protection from magic (left hand)
 J - a -6 ring of evasion
Wands
 A - a wand of polymorph (9/24)
 B - a wand of acid (4/15)
 I - a wand of digging (13/24)
Scrolls
 a - 5 scrolls of teleportation
 e - 3 scrolls of remove curse
 g - 5 scrolls of identify
 i - 2 scrolls of amnesia
 j - a scroll of random uselessness
 n - 3 scrolls of magic mapping
 o - 3 scrolls of enchant armour
 t - a scroll of noise {unknown}
 x - 3 scrolls of recharging {unknown}
 F - 4 scrolls of enchant weapon {unknown}
 R - a scroll of fog
 S - a scroll of fear
Potions
 d - a potion of might
 h - 2 potions of haste {unknown}
 s - 3 potions of brilliance {unknown}
 v - 3 potions of curing {unknown}
 w - a potion of lignification {unknown}
 z - 5 potions of heal wounds {unknown}
 C - 2 potions of degeneration {unknown}
 G - a potion of resistance {unknown}
 N - a potion of ambrosia {unknown}
 Q - a potion of agility {unknown}
Books
 O - a book of Callings

   Spells                             Type                      Level
   a - Summon Small Mammal            Summoning                    1
   b - Call Imp                       Summoning                    2
   c - Call Canine Familiar           Summoning                    3
   d - Summon Guardian Golem          Hexes/Summoning              3
   e - Summon Lightning Spire         Summoning/Air                4
   f - Summon Ice Beast               Ice/Summoning                4
Comestibles
 f - 6 bread rations
 k - 3 royal jellies
 l - 7 fruits
 H - a meat ration


   Skills:
 + Level 6.8 Fighting
 + Level 6.4(8.1) Axes
 + Level 7.6(8.7) Maces & Flails
 + Level 8.0 Armour
 + Level 4.1 Dodging
 + Level 1.3 Stealth
 + Level 9.9 Shields


You had 8 spell levels left.
You didn't know any spells.

Dungeon Overview and Level Annotations

Branches:
Dungeon (8/15)             Temple (1/1) D:5
   Lair: D:8-11

Altars:
Ashenzari
Cheibriados
Dithmenos
Elyvilon
Fedhas
Gozag
Hepliaklqana
Kikubaaqudgha
Makhleb
Nemelex Xobeh
Okawaru
Qazlal
Ru
Sif Muna
Trog
Uskayaw
Vehumet
Wu Jian
Xom
Yredelemnul
Zin
The Shining One

Shops:
D:8 ?

Annotations:
D:8 1 transporter


Innate Abilities, Weirdness & Mutations

You reflexively headbutt those who attack you in melee.
You have a pair of horns on your head.


Message History

You block the manticore's attack. The komodo dragon bites you!!
You slash the manticore!
The manticore is moderately wounded.
You closely miss the hound zombie. You slash the komodo dragon!
The hound zombie bites you. The manticore bites you!
* * * LOW HITPOINT WARNING * * *
The manticore claws you but does no damage.
You block the manticore's attack.
The hound zombie bites you but does no damage.
You block the komodo dragon's attack.
The barbs in your skin will harm you if you move.
Continue?
The barbed spikes dig painfully into your body as you move.
* * * LOW HITPOINT WARNING * * *
The manticore flicks its tail.
The volley of spikes hits you!
The barbed spikes become lodged in your body.
* * * LOW HITPOINT WARNING * * *
The crimson imp blinks!
The barbed spikes dig painfully into your body as you move.
You die...

...# ##.## ##.## .###
#.####...##### .#
#......©.....## ##
####..#########..#
#....##8$$_.$8##.#
#.##.#..$?$[[..#.#
#####.##.#.#.....#.#.#
..5.5....#.5#...#..#.#
#####.##.#....$.@.©#.#
#####....#..#.Z.#..#.#
...##.##.#.#§.l..#.#.#
##.##.##.#...H.)...#)##
((....##.##8.....8##..#
##.##.##..#########...#
##.##.###.....©5......#
#.##.# #.......####..#
#.##.# #.##...## #..#


You could see a manticore, a komodo dragon, 2 crimson imps and a hound zombie.

Vanquished Creatures
  Pikel (D:4)
  Grinder (D:6)
  A hippogriff (D:7)
  A wyvern (D:8)
  A water moccasin (D:8)
  A slave (D:4)
  A phantom (D:6)
  3 ice beasts
  A sky beast (D:7)
  3 ogres
  3 centaurs
  3 bullfrogs (D:8)
  A wyvern zombie (D:8)
  5 killer bees (D:8)
  A howler monkey (D:7)
  A crimson imp (D:7)
  3 jellies
  4 orc priests
  4 hounds
  A bullfrog skeleton (D:4)
  6 orc wizards
  2 iguanas
  6 worker ants
  5 adders
  11 gnolls
  2 shadow imps
  3 adder skeletons (D:4)
  An adder zombie (D:7)
  3 worms
  2 dart slugs (D:2)
  5 leopard geckos
  18 orcs
  4 bats
  4 giant cockroaches
  10 goblins
  7 hobgoblins
  14 jackals
  5 kobolds
  2 quokkas
  2 ball pythons
  5 frilled lizards
  4 rats
  A plant (D:3)
162 creatures vanquished.

Vanquished Creatures (others)
  2 centaurs
  A shadow imp (D:5)
3 creatures vanquished.

Grand Total: 165 creatures vanquished

Notes
Turn   | Place    | Note
-------+----------+-------------------------------------------
     0 | D:1      | fishoe the Minotaur Fighter began the quest for the Orb.
     0 | D:1      | Reached XP level 1. HP: 19/19 MP: 0/0
   279 | D:1      | Reached XP level 2. HP: 24/27 MP: 1/1
   735 | D:2      | Found a hide-covered altar of Uskayaw.
   828 | D:2      | Reached skill level 4 in Shields
   957 | D:2      | Reached XP level 3. HP: 30/33 MP: 2/2
  1023 | D:2      | Found a faded altar of an unknown god.
  1079 | D:2      | Found an opulent altar of Gozag.
  1527 | D:2      | Reached XP level 4. HP: 40/40 MP: 3/3
  1775 | D:3      | HP: 1/40 [orc priest/short sword (3)]
  1997 | D:4      | Noticed a slave
  2023 | D:4      | Killed a slave
  2131 | D:3      | HP: 1/40 [orc priest/nerve-wracking pain (11)]
  2133 | D:3      | Reached skill level 5 in Armour
  2378 | D:3      | Found an ancient bone altar of Kikubaaqudgha.
  2516 | D:3      | Found an iron altar of Okawaru.
  2760 | D:4      | Reached XP level 5. HP: 42/46 MP: 4/4
  2845 | D:4      | Reached skill level 5 in Shields
  2880 | D:4      | Reached XP level 6. HP: 33/53 MP: 5/5
  3062 | D:4      | Noticed Pikel
  3062 | D:4      | Noticed a slave
  3065 | D:4      | Noticed a slave
  3105 | D:4      | Killed Pikel
  3105 | D:4      | Reached skill level 5 in Fighting
  3105 | D:4      | Reached skill level 6 in Shields
  3105 | D:4      | Reached XP level 7. HP: 52/61 MP: 6/6
  3242 | D:4      | Found a blossoming altar of Fedhas.
  3529 | D:4      | Found a sparkling altar of Nemelex Xobeh.
  3682 | D:5      | Entered Level 5 of the Dungeon
  3689 | D:5      | Reached skill level 1 in Stealth
  3844 | D:5      | Found a shattered altar of Ashenzari.
  3887 | D:5      | Found a glowing golden altar of the Shining One.
  3887 | D:5      | Found a shimmering altar of Xom.
  3887 | D:5      | Found a glowing golden altar of the Shining One.
  3890 | D:5      | Found a radiant altar of Vehumet.
  3891 | D:5      | Found a deep blue altar of Sif Muna.
  3891 | D:5      | Found a radiant altar of Vehumet.
  3891 | D:5      | Found a glowing silver altar of Zin.
  3891 | D:5      | Found a deep blue altar of Sif Muna.
  3891 | D:5      | Found a stormy altar of Qazlal.
  3891 | D:5      | Found a shimmering altar of Xom.
  3891 | D:5      | Found a radiant altar of Vehumet.
  3893 | D:5      | Found a staircase to the Ecumenical Temple.
  3952 | D:5      | Reached skill level 7 in Shields
  3952 | D:5      | Reached XP level 8. HP: 66/69 MP: 7/7
  4292 | D:5      | Found an ornate altar of the Wu Jian Council.
  4391 | Temple   | Entered the Ecumenical Temple
  4510 | Temple   | Became a worshipper of Makhleb the Destroyer
  4836 | D:6      | Reached skill level 5 in Maces & Flails
  5006 | D:6      | Noticed Grinder
  5022 | D:6      | Killed Grinder
  5143 | D:6      | Reached skill level 8 in Shields
  5390 | D:6      | Reached XP level 9. HP: 64/77 MP: 8/8
  5482 | D:6      | Got a bloodstained robe
  5628 | D:6      | Found a basalt altar of Yredelemnul.
  5628 | D:6      | Found a bloodstained altar of Trog.
  6088 | D:7      | Found a sacrificial altar of Ru.
  6430 | D:7      | Reached skill level 9 in Shields
  6432 | D:7      | Reached * piety under Makhleb
  6652 | D:8      | Reached skill level 5 in Axes
  6929 | D:8      | Noticed a manticore
  6930 | D:8      | Noticed a komodo dragon
  6930 | D:8      | Found a transporter.
  6930 | D:8      | Found a transporter.
  6935 | D:8      | Found a glowing silver altar of Zin.
  6972 | D:8      | Found a shimmering altar of Xom.
  7199 | D:8      | Got a faintly glowing helmet
  7306 | D:8      | Got a transparent ring mail
  7317 | D:8      | Identified the cursed +1 ring mail of Death's Door {Int+2} (You found it on level 8 of the Dungeon)
  7381 | D:8      | Found Pesukuv's Magic Scroll Boutique.
  7386 | D:8      | Bought a scroll of amnesia for 45 gold pieces
  7386 | D:8      | Bought a scroll of fog for 26 gold pieces
  7386 | D:8      | Bought a scroll of fear for 45 gold pieces
  7566 | D:8      | HP: 2/78 [manticore/volley of spikes (4)]
  7567 | D:8      | Succumbed to barbed spike wounds

Vault maps used:
D:1:      kennysheep_arrival_seaside
D:2:      nicolae_overflow_crystal_walls, lemuel_crystal_altar,
          chequers_ecumenical_altar_twisty, kennysheep_generic_room_16
D:3:      kiku_gazebo_garden_becter, kennysheep_okawaru_gauntlet, serial_forest,
          infiniplex_forest_straight_2, infiniplex_forest_corner_1,
          infiniplex_forest_lined_corner, infiniplex_forest_end_2,
          infiniplex_forest_end_double, infiniplex_forest_zigzag_1, first_bread
D:4:      lemuel_round_altar, lemuel_round_altar, grunt_ministairs_10,
          uniq_pikel
D:5:      kennysheep_mini_moat, temple_doors_ab
D:6:      nicolae_overflow_hidden_temple, uniq_grinder
D:7:      kennysheep_mini
D:8:      gammafunk_temple_overflow_arena, lemuel_crystal_altar, serial_shops,
          kennysheep_little_box
Temple:   nicolae_temple_figure_zero

Skill      XL: |  1  2  3  4  5  6  7  8  9 |
---------------+----------------------------+-----
Armour         | 4 5 6 7 8 |  8.0
Shields        | 4 5 6 7 8 9 |  9.9
Fighting       | 4 5 6 |  6.8
Axes           | 3 4 6 |  6.4
Maces & Flails | 2 3 6 7 |  7.6
Dodging        | 2 3 4 |  4.1
Stealth        | 1 |  1.3

Action                   |  1- 3 |  4- 6 |  7- 9 || total
-------------------------+-------+-------+-------++-------
Melee: War axe           |    92 |   110 |    92 ||   294
       Headbutt          |    11 |    36 |    72 ||   119
       Flail             |       |    39 |   242 ||   281
  Use: Scroll            |       |       |     6 ||     6
  Eat: Chunk             |     2 |     5 |    15 ||    22
Armor: Scale mail        |    43 |    56 |    95 ||   194
       Ring mail         |       |       |     5 ||     5
Dodge: Dodged            |    22 |    40 |    85 ||   147
Block: Shield            |    52 |   103 |   279 ||   434
       Reflection        |       |     1 |    12 ||    13
